 Dungeon Crawl Stone Soup version 0.26.1-11-gd32895ea62 (webtiles) character file.

Game seed: 11798052771912708135

105156 raph the Geomancer (level 15, -15/79 HPs)
             Began as a Deep Elf Earth Elementalist on June 29, 2021.
             Was the Champion of Hepliaklqana.
             Demolished by an alligator snapping turtle (42 damage)
             ... on level 2 of the Shoals on June 30, 2021.
             The game lasted 01:38:34 (49016 turns).

raph the Geomancer (Deep Elf Earth Elementalist)   Turns: 49016, Time: 01:38:34

Health: -15/79     AC: 11    Str:  6    XL:     15   Next: 93%
Magic:  2/31       EV: 22    Int: 26    God:    Hepliaklqana [******]
Gold:   2393       SH:  5    Dex: 21    Spells: 2/35 levels left

rFire    + . .     SeeInvis .   C - +5 quarterstaff of Ehyzusm {flame, *Contam rC+ Dex+4}
rCold    + + +     Faith    .   (shield currently unavailable)
rNeg     . . .     Spirit   .   J - +1 robe of Sulec {rPois rF- Stlth+}
rPois    +         Reflect  +   j - +1 helmet
rElec    .         Harm     .   N - +2 cloak {rCorr}
rCorr    +         Rampage  .   q - +1 pair of gloves
Will     +....                  W - +0 pair of boots
Stlth    +++++++...             V - amulet "Meb Tism" {Reflect rF+ rC+ SH+5}
HPRegen  0.23/turn              f - ring "Teutoun" {rF+ rC+ Dex+2}
MPRegen  0.22/turn              y - ring of stealth

@: flying, very slightly contaminated
A: reduced essence
a: Renounce Religion, Recall Ancestor, Ancestor Identity, Transference, Idealise


You were on level 2 of the Shoals.
You worshipped Hepliaklqana.
Hepliaklqana was exalted by your worship.
You visited 4 branches of the dungeon, and saw 25 of its levels.
You also visited: Sewer.

You collected 2505 gold pieces.
You spent 112 gold pieces at shops.

Inventory:

Hand Weapons
 a - a +5 quarterstaff of speed
 s - a +4 quarterstaff of chaos
 t - a +2 dagger of protection
 C - the +5 quarterstaff of Ehyzusm (weapon) {flame, *Contam rC+ Dex+4}
   (You found it on level 10 of the Dungeon)

   It has been specially enchanted to burn those struck by it, causing extra
   injury to most foes and up to half again as much damage against particularly
   susceptible opponents.
   It affects your dexterity (+4).
   It protects you from cold.
   It causes magical contamination when unequipped.
Missiles
 b - 682 stones
 l - 60 boomerangs
 o - 54 poisoned darts
Armour
 c - +0 fire dragon scales
 j - a +1 helmet (worn)
 q - a +1 pair of gloves (worn)
 F - +0 steam dragon scales
 J - the +1 robe of Sulec (worn) {rPois rF- Stlth+}
   (You found it on level 1 of the Lair of Beasts)

   It makes you vulnerable to fire.
   It protects you from poison.
   It makes you more stealthy.
 N - a +2 cloak of preservation (worn)
 S - a +1 robe of positive energy
 W - a +0 pair of boots (worn)
Magical Staves
 K - an uncursed staff of air
 L - an uncursed staff of conjuration
Jewellery
 f - the ring "Teutoun" (left hand) {rF+ rC+ Dex+2}
   (You found it on level 4 of the Dungeon)

   [ring of protection from cold]

   It affects your dexterity (+2).
   It protects you from fire.
   It protects you from cold.
 y - a ring of stealth (right hand)
 V - the amulet "Meb Tism" (around neck) {Reflect rF+ rC+ SH+5}
   (You acquired it on level 3 of the Lair of Beasts)

   [amulet of reflection]

   It shields you and reflects attacks.
   It protects you from fire.
   It protects you from cold.
   It affects your SH (+5).
Wands
 p - a wand of digging (9)
 x - a wand of flame (44)
 A - a wand of disintegration (40)
 I - a wand of polymorph (18)
 P - a wand of iceblast (26)
 R - a wand of paralysis (13)
 X - a wand of acid (21)
Scrolls
 k - 2 scrolls of fear
 n - 5 scrolls of remove curse
 u - 6 scrolls of fog
 B - 2 scrolls of blinking
 E - 7 scrolls of amnesia
 G - 7 scrolls of identify
 H - 3 scrolls of magic mapping
 Y - 5 scrolls of teleportation
Potions
 d - 7 potions of might
 e - 3 potions of cancellation
 g - a potion of ambrosia
 h - 16 potions of curing
 i - a potion of heal wounds
 m - 4 potions of flight
 r - 2 potions of haste
 v - a potion of berserk rage
 w - 3 potions of lignification
 D - 2 potions of mutation
 O - 6 potions of attraction
 T - 2 potions of resistance
Miscellaneous
 Q - a phial of floods
 U - a box of beasts (inert)


   Skills:
 - Level 7.8 Fighting
 - Level 10.6 Staves
 - Level 11.1 Dodging
 - Level 10.7 Stealth
 - Level 10.9 Spellcasting
 + Level 9.6 Conjurations
 - Level 2.2 Necromancy
 - Level 1.9 Translocations
 - Level 1.1 Transmutations
 * Level 7.5 Ice Magic
 * Level 10.0 Air Magic
 - Level 13.4 Earth Magic
 - Level 8.7 Invocations
 - Level 4.5 Evocations


You had 2 spell levels left.
You knew the following spells:

 Your Spells              Type           Power        Failure   Level
a - Sandblast             Erth           100%         1%          1
b - Passwall              Tmut/Erth      42%          1%          2
c - Stone Arrow           Conj/Erth      100%         1%          3
d - Lee's Rapid Deconstr  Erth           35%          1%          5
e - Animate Skeleton      Necr           50%          1%          1
f - Corona                Hex            15%          4%          1
g - Blink                 Tloc           N/A          3%          2
h - Lightning Bolt        Conj/Air       30%          1%          5
i - Mephitic Cloud        Conj/Pois/Air  48%          1%          3
j - Airstrike             Air            30%          1%          4
k - Freezing Cloud        Conj/Ice/Air   28%          16%         6

Your spell library contained the following spells:

 Spells                   Type           Power        Failure   Level
 Apportation              Tloc           48%          1%          1
 Freeze                   Ice            100%         1%          1
 Magic Dart               Conj           100%         1%          1
 Shock                    Conj/Air       100%         1%          1
 Swiftness                Air            60%          1%          2
 Summon Small Mammal      Summ           56%          4%          1
 Call Imp                 Summ           14%          6%          2
 Slow                     Hex            14%          6%          2
 Conjure Flame            Conj/Fire      39%          1%          3
 Frozen Ramparts          Ice            100%         1%          3
 Ozocubu's Armour         Ice            52%          1%          3
 Static Discharge         Conj/Air       60%          1%          3
 Hailstorm                Conj/Ice       56%          1%          4
 Petrify                  Tmut/Erth      51%          2%          4
 Ice Form                 Ice/Tmut       36%          7%          4
 Summon Ice Beast         Ice/Summ       33%          9%          4
 Metabolic Englaciation   Hex/Ice        16%          26%         5
 Ozocubu's Refrigeration  Ice            26%          30%         6
 Simulacrum               Ice/Necr       19%          65%         6


Dungeon Overview and Level Annotations

Branches:
Dungeon (15/15)            Temple (0/1) D:6            Lair (6/6) D:11
 Shoals (2/4) Lair:3       Spider (0/4) Lair:3        Slime (0/5) Lair:6
    Orc (2/2) D:9             Elf (0/3) Orc:2        Vaults (0/5) D:13
 Depths (0/5) D:15          Sewer (visited)

Altars:
Dithmenos
Fedhas
Gozag
Hepliaklqana
Kikubaaqudgha
Makhleb
Qazlal
Ru
Uskayaw
Vehumet
Wu Jian
Xom
Zin
The Shining One
Beogh
Jiyva

Shops:
Orc:2 !(((   Shoals:2 =

Annotations:
D:15 3 runed translucent doors, exclusion: obsidian statue, Aluifuot's ghost, adept SpEn
Lair:2 3 runed translucent doors, PanSaczeczos's ghost, journeyman DrAr
Lair:5 exclusion: oklob plant
Lair:6 1 runed translucent door


Message History

Confirm with . or Enter, or press ? or * to list all spells.
Aiming: Airstrike (mildly dangerous; 1% risk of failure)
Press: ? - help, Dir - move target, f/p - alligator snapping turtle
Aim: an alligator snapping turtle (moderately wounded)
The air twists around and strikes the alligator snapping turtle.
The alligator snapping turtle is moderately wounded.
Casting: Airstrike (mildly dangerous; 1% risk of failure)
Confirm with . or Enter, or press ? or * to list all spells.
Okay, then.
You open the lid... ...and a larval fireox beast leaps out!
The box is emptied!
Jaydra hits the alligator snapping turtle with a +0 broad axe of flaming.
Jaydra burns the alligator snapping turtle.
Casting: Airstrike (mildly dangerous; 1% risk of failure)
Confirm with . or Enter, or press ? or * to list all spells.
You don't have enough magic to cast that spell.
You feel very buoyant.
You fly up into the air.
The alligator snapping turtle bites you from afar!!!
Ouch! That really hurt!
You die...

≈..###...≈.≈≈≈≈≈≈≈≈.≈≈≈≈≈.###.
....#....≈≈≈≈≈≈≈≈≈≈.≈≈)≈......
.....#.≈≈≈≈≈≈≈≈≈≈≈..≈≈≈≈≈≈≈≈..
≈P..P..≈≈≈≈≈≈≈≈≈≈≈≈≈≈≈≈≈≈≈≈≈≈.
≈≈PP.PP.P≈≈≈≈≈≈≈≈≈≈≈≈≈≈≈≈≈≈≈≈.
.P.PPPPP≈≈≈≈...≈≈≈≈≈≈≈≈≈≈≈≈≈≈.
≈.≈PPPP≈≈≈≈....≈≈≈≈≈≈≈≈≈≈≈≈≈≈≈
P≈P≈PPP.≈≈P...≈≈≈≈≈≈≈≈≈≈≈≈≈≈≈≈
≈PPPPP≈P..)...≈≈@≈≈..≈≈≈≈≈≈≈≈≈
≈PPPPPP###≈...≈≈.≈≈..≈≈≈≈≈≈≈≈≈
..)...≈tH....≈≈≈.≈≈≈≈
..P........^.≈≈≈≈≈≈≈≈
≈≈.[...R.....≈≈≈≈≈≈≈≈
≈≈...........≈≈≈≈≈≈≈≈
≈≈.....!.....≈≈≈≈≈≈≈≈
.≈...........≈≈≈≈≈≈≈≈
≈.≈≈.........≈≈..≈≈≈


You could see the friendly Jaydra the knight, an alligator snapping turtle and a
friendly larval fireox beast (summoned).

Vanquished Creatures
  Jorgrun (Orc:2)
  Rupert (Orc:2)
  Frances (Shoals:1)
  A stone giant (Orc:2)
  Nessos (Lair:4)
  An ettin (Orc:2)
  A fire dragon (Lair:6)
  A rakshasa (D:14)
  2 vault guards (D:13)
  11 hydras
  3 boulder beetles (D:13)
  Erica (Lair:2)
  4 centaur warriors
  A merfolk aquamancer (Shoals:2)
  A death knight (D:14)
  6 two-headed ogres
  3 sea snakes
  A wizard (D:13)
  3 orc knights (D:13)
  2 lindwurms
  12 ugly things
  A deep elf mage (D:13)
  9 orc sorcerers
  A wolf spider (D:15)
  3 fauns (Shoals:1)
  A cyclops (D:11)
  4 manticores
  5 merfolk sirens
  2 molten gargoyles
  5 elephants (Lair:6)
  5 black mambas
  4 gargoyles
  3 kobold demonologists
  A rime drake (Lair:1)
  5 cane toads
  9 komodo dragons
  2 freezing wraiths (D:13)
  2 yaktaurs
  9 trolls
  A tengu conjurer (D:13)
  A polar bear (Lair:5)
  4 wind drakes
  10 merfolk
  A hornet (D:14)
  9 blink frogs
  Prince Ribbit (D:7)
  A snapping turtle (Shoals:2)
  A vampire (D:11)
  4 wraiths
  33 yaks
  6 wyverns
  A water elemental (Shoals:1)
  6 basilisks
  4 vampire mosquitoes (D:12)
  3 steam dragons (Lair:6)
  4 wargs
  A soldier ant (D:14)
  8 water moccasins
  3 hell hounds (Lair:6)
  10 orc warriors
  4 sky beasts
  An ice beast (D:13)
  3 black bears
  A black bear (shapeshifter) (D:14)
  An eye of draining (D:13)
  6 ogres
  4 centaurs
  A necrophage (D:10)
  12 wolves
  4 big kobolds
  13 bullfrogs
  A water moccasin zombie (D:5)
  A wyvern skeleton (D:14)
  9 killer bees
  3 scorpions
  18 wights
  A howler monkey (D:5)
  A centaur zombie (D:7)
  8 lava snakes
  2 bullfrog zombies
  4 hounds
  Crazy Yiuf (D:2)
  5 centaur skeletons
  3 jellies
  16 orc priests
  35 orc wizards
  2 bullfrog skeletons
  5 iguanas
  5 worker ants
  Terence (D:2)
  A hound skeleton (D:10)
  7 gnolls
  10 adders
  6 river rats
  A shadow imp (D:9)
  3 white imps
  2 ufetubi
  2 oozes (D:5)
  2 adder skeletons
  3 worms
  A dart slug (D:1)
  6 leopard geckos
  77 orcs
  7 bats
  A bat zombie (D:5)
  3 giant cockroaches
  8 hobgoblins
  2 jackals (D:5)
  24 kobolds
  2 quokkas
  4 ball pythons
  5 frilled lizards
  8 goblins
  18 rats
  3 rat zombies (D:5)
618 creatures vanquished.

Vanquished Creatures (collateral kills)
  A yaktaur captain (D:15)
  3 hydras
  A death knight (D:13)
  5 two-headed ogres
  An ogre mage (D:15)
  A sea snake (Shoals:1)
  3 orc sorcerers
  5 ugly things
  A black mamba (Lair:5)
  A water nymph (Shoals:2)
  2 molten gargoyles
  3 cane toads
  A komodo dragon (Lair:6)
  2 merfolk (Shoals:1)
  2 wyverns
  4 water elementals
  2 shadows
  15 yaks
  3 basilisks
  2 vampire mosquitoes (D:12)
  2 wargs (Orc:2)
  An acid dragon (D:15)
  A water moccasin (Lair:1)
  A hell hound (Lair:6)
  A sky beast (D:11)
  An eye of draining (D:9)
  6 orc warriors
  3 wolves
  A centaur (D:9)
  An ogre (D:9)
  4 big kobolds (D:15)
  2 bullfrogs
  A scorpion (D:8)
  2 killer bees (D:12)
  A howler monkey (D:8)
  A lava snake (Lair:6)
  A crimson imp (D:5)
  A hound (D:8)
  A jelly (D:9)
  9 orc wizards
  A bullfrog skeleton (D:4)
  2 centaur skeletons
  2 iguanas
  3 adders
  A river rat (Sewer)
  A white imp (D:6)
  A leopard gecko (D:8)
  15 orcs
  3 jackals (D:9)
  A ball python (Sewer)
  A frilled lizard (D:3)
  6 kobolds
  6 rats (Sewer)
142 creatures vanquished.

Vanquished Creatures (others)
  15 knights
  An orc wizard (Orc:1)
  An ancestor (D:4)
  A bush (D:11)
  24 fungi
  76 plants
  15 toadstools (Lair:5)
133 creatures vanquished.

Grand Total: 893 creatures vanquished

Notes
Turn   | Place    | Note
-------+----------+-------------------------------------------
     0 | D:1      | raph the Deep Elf Earth Elementalist began the quest for
                  | the Orb.
     0 | D:1      | Reached XP level 1. HP: 10/10 MP: 6/6
   275 | D:1      | Reached XP level 2. HP: 15/15 MP: 6/8
   286 | D:1      | Reached skill level 4 in Earth Magic
   851 | D:2      | Learned a level 2 spell: Passwall
  1016 | D:2      | Noticed Terence
  1017 | D:2      | Killed Terence
  1018 | D:2      | Reached skill level 5 in Earth Magic
  1018 | D:2      | Reached XP level 3. HP: 19/19 MP: 7/9
  1067 | D:2      | Learned a level 3 spell: Stone Arrow
  1083 | D:2      | Found a runed translucent door.
  1084 | D:2      | Noticed Crazy Yiuf
  1094 | D:2      | Killed Crazy Yiuf
  1095 | D:2      | Reached XP level 4. HP: 6/24 MP: 3/10
  1415 | D:2      | Found a shadowy altar of Dithmenos.
  1417 | D:2      | Found a hazy altar of Hepliaklqana.
  1418 | D:2      | Noticed a shadow
  1424 | D:2      | Became a worshipper of Hepliaklqana the Forgotten
  1756 | D:2      | Reached skill level 6 in Earth Magic
  2173 | D:3      | Found a blossoming altar of Fedhas.
  3071 | D:3      | Reached XP level 5. HP: 25/25 MP: 8/11
  3396 | D:3      | Reached * piety under Hepliaklqana
  3536 | D:3      | Reached skill level 7 in Earth Magic
  3764 | D:4      | Found an opulent altar of Gozag.
  3901 | D:4      | Reached XP level 6. HP: 24/28 MP: 9/12
  3908 | D:4      | Got a smoking jade ring
  3909 | D:4      | Identified the ring "Teutoun" {rF+ rC+ Dex+2} (You found it
                  | on level 4 of the Dungeon)
  4003 | D:4      | Learned a level 5 spell: Lee's Rapid Deconstruction
  4283 | D:4      | Found a glowing drain.
  4291 | Sewer    | Entered a sewer
  4538 | Sewer    | Reached skill level 8 in Earth Magic
  4936 | Sewer    | Reached XP level 7. HP: 32/32 MP: 11/13
  5329 | D:4      | Reached skill level 9 in Earth Magic
  6078 | D:4      | Found a glowing silver altar of Zin.
  6262 | D:5      | Entered Level 5 of the Dungeon
  6262 | D:5      | Found an ornate altar of the Wu Jian Council.
  6272 | D:5      | Reached ** piety under Hepliaklqana
  6272 | D:5      | Found a glowing golden altar of the Shining One.
  6273 | D:5      | Found a sacrificial altar of Ru.
  6277 | D:5      | Remembered your ancestor Jaydra as a knight
  6702 | D:5      | Found an ancient bone altar of Kikubaaqudgha.
  6870 | D:5      | Reached skill level 10 in Earth Magic
  7160 | D:5      | You fall into a shaft and drop 3 floors!
  7291 | D:7      | Noticed Prince Ribbit
  7710 | D:5      | Found a shimmering altar of Xom.
  7710 | D:5      | Found a burning altar of Makhleb.
  7713 | D:5      | Reached XP level 8. HP: 36/36 MP: 12/14
  8202 | D:6      | Reached skill level 11 in Earth Magic
  8622 | D:6      | Found a staircase to the Ecumenical Temple.
  8724 | D:6      | Reached *** piety under Hepliaklqana
  8997 | D:7      | Learned a level 1 spell: Animate Skeleton
  8999 | D:7      | Learned a level 1 spell: Corona
  9108 | D:7      | Killed Prince Ribbit
  9109 | D:7      | Reached skill level 1 in Fighting
  9532 | D:7      | Learned a level 2 spell: Blink
  9681 | D:7      | Reached XP level 9. HP: 43/43 MP: 6/18
 10042 | D:7      | Reached skill level 1 in Necromancy
 10436 | D:8      | Reached skill level 1 in Translocations
 10451 | D:8      | Reached skill level 5 in Spellcasting
 10451 | D:8      | Reached skill level 1 in Invocations
 11164 | D:8      | Reached skill level 5 in Stealth
 11468 | D:8      | Found a stormy altar of Qazlal.
 11616 | D:8      | Found a radiant altar of Vehumet.
 11741 | D:9      | Found a hide-covered altar of Uskayaw.
 12046 | D:9      | Noticed a two-headed ogre
 12056 | D:9      | Reached skill level 1 in Staves
 12056 | D:9      | Reached skill level 5 in Dodging
 12056 | D:9      | Killed a two-headed ogre
 12337 | D:9      | Reached XP level 10. HP: 50/50 MP: 12/21
 12601 | D:9      | Reached **** piety under Hepliaklqana
 13098 | D:9      | Learned a level 5 spell: Lightning Bolt
 13124 | D:9      | Found a staircase to the Orcish Mines.
 13255 | D:10     | Entered Level 10 of the Dungeon
 13307 | D:10     | Noticed a two-headed ogre
 13314 | D:10     | Killed a two-headed ogre
 13315 | D:10     | Reached skill level 1 in Conjurations
 13315 | D:10     | Reached skill level 1 in Air Magic
 13868 | D:10     | You fall into a shaft and drop 2 floors!
 14258 | D:12     | Learned a level 3 spell: Mephitic Cloud
 14293 | D:12     | You fall into a shaft and drop 3 floors!
 14293 | D:15     | Entered Level 15 of the Dungeon
 14299 | D:15     | Noticed a seven-headed hydra
 14314 | D:15     | Got a shimmering dagger
 14588 | D:14     | Noticed a rakshasa
 14899 | D:14     | Noticed a white ugly thing
 14899 | D:14     | Noticed a white ugly thing
 14902 | D:14     | Noticed a white ugly thing
 14902 | D:14     | Noticed a white ugly thing
 14902 | D:14     | Noticed a white ugly thing
 14919 | D:14     | Noticed a purple ugly thing
 14923 | D:13     | Noticed a centaur warrior
 15026 | D:11     | Noticed a centaur warrior
 15035 | D:11     | Killed a centaur warrior
 15036 | D:11     | Reached XP level 11. HP: 18/54 MP: 14/24
 15157 | D:11     | Identified the +10 dagger of Rullidd {distort, *Corrode
                  | +Fly Str+5} (You found it on level 15 of the Dungeon)
 15158 | D:11     | Found a staircase to the Lair.
 15190 | D:11     | Reached ***** piety under Hepliaklqana
 15192 | Lair:1   | Entered Level 1 of the Lair of Beasts
 15192 | Lair:1   | Noticed a four-headed hydra
 15204 | Lair:1   | Reached skill level 5 in Invocations
 15215 | Lair:1   | Killed a four-headed hydra
 15663 | Lair:1   | Noticed a five-headed hydra
 15672 | Lair:1   | Killed a five-headed hydra
 15675 | Lair:1   | Noticed a seven-headed hydra
 16050 | Lair:1   | Killed a seven-headed hydra
 16055 | Lair:1   | Noticed a lindwurm
 16213 | Lair:1   | Killed a lindwurm
 16378 | Lair:1   | Got a transparent robe
 16389 | Lair:1   | Identified the +1 robe of Sulec {rPois rF- Stlth+} (You
                  | found it on level 1 of the Lair of Beasts)
 16753 | Lair:1   | Reached skill level 5 in Staves
 16753 | Lair:1   | Reached skill level 12 in Earth Magic
 16761 | Lair:1   | Reached skill level 5 in Fighting
 17466 | Lair:2   | Found a runed translucent gate.
 17466 | Lair:2   | Found a runed translucent gate.
 17467 | Lair:2   | Found a runed translucent gate.
 17468 | Lair:2   | Noticed PanSaczeczos's ghost (journeyman DrAr)
 17655 | Lair:2   | Noticed Erica
 17678 | Lair:2   | Killed Erica
 17679 | Lair:2   | Reached skill level 5 in Conjurations
 17679 | Lair:2   | Reached XP level 12. HP: 52/61 MP: 19/26
 18625 | Lair:3   | Found a staircase to the Shoals.
 18785 | Lair:3   | Found a hole to the Spider Nest.
 18963 | Lair:3   | Identified a scroll of acquirement
 18963 | Lair:3   | Acquired the amulet "Meb Tism" {Reflect rF+ rC+ SH+5}
 19030 | Lair:3   | Noticed a six-headed hydra
 19044 | Lair:3   | Killed a six-headed hydra
 19316 | Lair:3   | Noticed a six-headed hydra
 19319 | Lair:3   | Killed a six-headed hydra
 19516 | Lair:4   | Noticed Nessos
 19529 | Lair:4   | Killed Nessos
 19530 | Lair:4   | Reached skill level 5 in Air Magic
 19759 | Lair:4   | Reached ****** piety under Hepliaklqana
 19779 | Lair:4   | Noticed an eight-headed hydra
 19787 | Lair:4   | Killed an eight-headed hydra
 20037 | Lair:4   | Noticed a six-headed hydra
 20042 | Lair:4   | Killed a six-headed hydra
 21770 | Lair:5   | Found a blossoming altar of Fedhas.
 23815 | D:11     | Reached XP level 13. HP: 66/66 MP: 17/28
 24570 | D:10     | Got a transparent quarterstaff
 24571 | D:10     | Identified the +5 quarterstaff of Ehyzusm {flame, *Contam
                  | rC+ Dex+4} (You found it on level 10 of the Dungeon)
 25980 | Orc:1    | Entered Level 1 of the Orcish Mines
 25988 | D:9      | Learned a level 4 spell: Airstrike
 26127 | D:9      | Reached skill level 10 in Spellcasting
 26656 | Orc:1    | Reached skill level 10 in Stealth
 26700 | Orc:1    | Reached skill level 1 in Evocations
 27260 | Orc:2    | Entered Level 2 of the Orcish Mines
 27297 | Orc:2    | Noticed Jorgrun
 27315 | Orc:2    | Killed Jorgrun
 27734 | Orc:2    | Found a staircase to the Elven Halls.
 27778 | Orc:2    | Noticed an ettin
 27784 | Orc:2    | Killed an ettin
 27974 | Orc:2    | Noticed Rupert
 27990 | Orc:2    | Killed Rupert
 28466 | Orc:2    | Noticed a stone giant
 28490 | Orc:2    | Killed a stone giant
 28730 | Orc:2    | Paralysed by an orc sorcerer for 4 turns
 29136 | Orc:2    | Found Meall's Distillery.
 29136 | Orc:2    | Found Quil's Weapon Shoppe.
 29142 | Orc:2    | Bought a potion of magic for 112 gold pieces
 29599 | Orc:2    | Found a roughly hewn altar of Beogh.
 29832 | Orc:2    | Found Homyssuora's Antique Weapon Shop.
 29832 | Orc:2    | Found Weikk's Antique Weapon Shoppe.
 31888 | D:13     | Reached skill level 13 in Earth Magic
 31981 | D:13     | Reached XP level 14. HP: 58/72 MP: 23/30
 34127 | Lair:6   | Entered Level 6 of the Lair of Beasts
 34300 | Lair:6   | Reached skill level 10 in Dodging
 36536 | Lair:5   | Learned a level 6 spell: Freezing Cloud
 37172 | Lair:6   | Reached skill level 1 in Ice Magic
 37678 | Lair:6   | Found a runed translucent door.
 37678 | Lair:6   | Found a viscous altar of Jiyva.
 37888 | Lair:6   | Found a large runed translucent door.
 38328 | Lair:6   | Found a large runed translucent door.
 38700 | Lair:6   | Found a staircase to the Slime Pits.
 38700 | Lair:6   | Noticed an azure jelly
 38700 | Lair:6   | Noticed an azure jelly
 40358 | D:13     | Reached XP level 15. HP: 49/77 MP: 3/31
 41169 | D:13     | Found a gate to the Vaults.
 42534 | D:14     | Reached skill level 10 in Staves
 44214 | D:15     | Found a runed translucent gate.
 44214 | D:15     | Found an opulent altar of Gozag.
 44215 | D:15     | Found a runed translucent gate.
 44216 | D:15     | Found a runed translucent gate.
 44217 | D:15     | Noticed a tengu reaver
 44217 | D:15     | Noticed Aluifuot's ghost (adept SpEn)
 44553 | D:15     | Reached skill level 5 in Ice Magic
 45064 | D:15     | Found a staircase to the Depths.
 45686 | Shoals:1 | Entered Level 1 of the Shoals
 46493 | Shoals:1 | Noticed Frances
 46504 | Shoals:1 | Killed Frances
 48981 | Shoals:2 | Found Agguh's Jewellery Emporium.
 49009 | Shoals:2 | Reached skill level 10 in Air Magic
 49016 | Shoals:2 | Demolished by an alligator snapping turtle

Illustrated notes

Levels and vault maps discovered:
D:1:      dpeg_arrival_rooms_b, layout_loops_ring
D:2:      layout_basic, riverfiend_overflow_shadow_ancestor,
          minmay_stone_trees_large, uniq_crazy_yiuf_cottage, uniq_terence
D:3:      layout_loops_corners, nicolae_overflow_hidden_temple,
          minmay_strange_pillars
D:4:      layout_layer_cave, pdpol_temple_overflow_zin_treasury_gozag_greed,
          gup_sewer_entry_bubbles
D:5:      layout_loops_ring, grunt_temple_overflow_champion_of_chaos,
          lemuel_zombie_altar_kikubaaqudgha, grunt_temple_overflow_open,
          minmay_misc_feat_iff, hex_tiny, guppyfry_early_lair_pool
D:6:      layout_loops_ring, temple_hall, serial_park_tiny_1
D:7:      layout_loops_cross, uniq_prince_ribbit1
D:8:      layout_rooms, kennysheep_little_box, grunt_qazlal_sundering,
          due_unseen_surprise
D:9:      layout_basic, eat_drink_and_be_merry_uskayaw, orc_0_dummy,
          enter_bailey_4
D:10:     layout_roguey, evilmike_butchery
D:11:     layout_rooms, minmay_lair_entry_grove
D:12:     layout_cave_pods
D:13:     layout_long_grid, grunt_vaults_entry_fortified
D:14:     layout_basic, serial_glass, glass_columns_c, glass_columns_b
D:15:     grunt_enter_depths_snipers, layout_loops_ring, serial_bayou_ford_a,
          ebering_ghost_gozag
Lair:1:   layout_long_grid, lemuel_fruit_tree, grunt_megastairs_2
Lair:2:   layout_regular_city, gammafunk_ghost_necromancy, serial_bayou_pond_c,
          uniq_erica
Lair:3:   layout_cellular_growth, shoals_dummy_entry,
          spider_nest_entry_web_field, serial_bayou_shore_a
Lair:4:   layout_misc_corridors, uniq_nessos
Lair:5:   cheibrodos_magma_flow, layout_layer_cave, tgw_fedhas
Lair:6:   cheibrodos_lair_end_hotspot, layout_regular_city, slime_altar_2, pond
Shoals:1: layout_shoals, uniq_frances
Shoals:2: layout_shoals, serial_shops, nicolae_shop_waterfront
Orc:1:    layout_caves
Orc:2:    st_orc_town, layout_caves, uniq_rupert, uniq_jorgrun

Skill      XL: |  1  2  3  4  5  6  7  8  9 10 11 12 13 14 15 |
---------------+----------------------------------------------+-----
Earth Magic    | 5 6 7 8 10 11 12 13 | 13.4
Fighting       | 1 3 4 5 6 7 |  7.8
Dodging        | 4 5 6 8 9 10 11 | 11.1
Stealth        | 4 6 7 8 9 10 | 10.7
Spellcasting   | 4 6 7 8 9 10 | 10.9
Necromancy     | 2 |  2.2
Translocations | 1 |  1.9
Invocations    | 3 4 6 7 8 |  8.7
Staves         | 2 3 5 6 8 9 10 | 10.6
Conjurations   | 3 5 6 7 8 9 |  9.6
Air Magic      | 2 4 5 6 7 10 | 10.0
Evocations     | 3 4 |  4.5
Ice Magic      | 3 7 |  7.5
Transmutations | |  1.1

Action                   |  1- 3 |  4- 6 |  7- 9 | 10-12 | 13-15 || total
-------------------------+-------+-------+-------+-------+-------++-------
Melee: Dagger            |     1 |       |       |       |       ||     1
       Unarmed           |     1 |       |       |       |       ||     1
       Quarterstaff      |       |    50 |    40 |    93 |   380 ||   563
 Cast: Sandblast         |    35 |    66 |    67 |    64 |    31 ||   263
       Passwall          |       |     2 |     2 |     6 |    14 ||    24
       Lee's Rapid Decon |       |     3 |    46 |    76 |   210 ||   335
       Stone Arrow       |       |     2 |    17 |    92 |   123 ||   234
       Animate Skeleton  |       |       |     9 |    12 |    18 ||    39
       Blink             |       |       |       |     9 |     8 ||    17
       Corona            |       |       |       |     1 |       ||     1
       Airstrike         |       |       |       |       |   298 ||   298
       Mephitic Cloud    |       |       |       |       |     5 ||     5
       Freezing Cloud    |       |       |       |       |     1 ||     1
Invok: Recall Ancestor   |       |       |     1 |     5 |     8 ||    14
       Ancestor Life: Kn |       |       |     1 |       |       ||     1
Evoke: Wand              |       |       |       |     3 |    19 ||    22
       Box of beasts     |       |       |       |     1 |     1 ||     2
  Use: Scroll            |       |    10 |    10 |    19 |     6 ||    45
       Potion            |       |       |       |     6 |     8 ||    14
 Stab: Sleeping          |       |       |       |     5 |     1 ||     6
       Distracted        |       |       |       |     4 |     1 ||     5
       Confused          |       |       |       |       |     2 ||     2
Armor: Robe              |       |    17 |     8 |    38 |    87 ||   150
Dodge: Dodged            |    10 |    39 |    55 |   249 |   482 ||   835
Block: Other             |       |       |       |    19 |   144 ||   163
       Reflection        |       |       |       |       |    18 ||    18
